 Dungeon Crawl Stone Soup version 0.30-a0-371-gad7725a93e (webtiles) character file.

Game seed: 4242034513484978060

446 qeuew the Shield-Bearer (level 7, 0/55 HPs)
             Began as a Formicid Fighter on Nov 23, 2022.
             Succumbed to a water moccasin's poison
             ... in a sewer.
             The game lasted 00:04:04 (2065 turns).

qeuew the Shield-Bearer (Formicid Fighter)          Turns: 2065, Time: 00:04:05

Health: 0/55       AC:  7    Str: 21    XL:     7   Next: 24%
Magic:  7/7        EV: 11    Int:  7    God:
Gold:   271        SH:  5    Dex: 15    Spells: 6/6 levels left

rFire   . . .      SeeInvis +    a - +0 war axe
rCold   . . .      Faith    .    c - +0 buckler
rNeg    . . .      Spirit   .    b - +0 scale mail
rPois   .          Reflect  .    (helmet unavailable)
rElec   .          Harm     .    (no cloak)
rCorr   .          Rampage  .    (no gloves)
Will    .....                    (no boots)
Stlth   ..........               (no amulet)
HPRegen 0.29/turn                (no ring)
MPRegen 0.10/turn                (no ring)

@: lethally poisoned (0 -> -7)
A: permanent stasis, dig shafts and tunnels, antennae 3, four strong arms
a: Dig


You were in a sewer.
You visited 1 branch of the dungeon, and saw 3 of its levels.
You also visited: Sewer.

You collected 271 gold pieces.

Inventory:

Hand Weapons
 a - a +0 war axe (weapon)
Armour
 b - a +0 scale mail (worn)
 c - a +0 buckler (worn)
Scrolls
 k - a scroll of identify
Potions
 d - a potion of might
 f - 2 potions of haste


   Skills:
 + Level 4.4 Fighting
 + Level 3.3 Axes
 + Level 4.4 Armour
 * Level 3.5 Dodging
 + Level 5.5 Shields


You had 6 spell levels left.
You didn't know any spells.
Your spell library contained the following spells:

 Spells                   Type           Power      Damage    Failure   Level
 Ensorcelled Hibernation  Hex/Ice        0%         N/A       92%         2
 Passwall                 Tmut/Erth      0%         N/A       92%         2
 Manifold Assault         Tloc           0%         N/A       100%        4
 Dispersal                Tloc           0%         N/A       100%        6
 Disjunction              Tloc           0%         N/A       100%        8
 Swiftness                Air            Unusable   N/A       N/A         3

Dungeon Overview and Level Annotations

Branches:
Dungeon (3/15)              Sewer (1/1)

Altars:
Uskayaw


Innate Abilities, Weirdness & Mutations

You cannot be hasted, slowed, berserked, paralysed or teleported.
You can dig through walls and to a lower floor.
You have a pair of large antennae on your head. (SInv)
Your four strong arms can wield two-handed weapons with a shield.


Message History

The water moccasin hisses angrily.
The water moccasin barely misses you.
You miss the water moccasin.
The water moccasin bites you but does no damage.
The water moccasin bites you.
You barely miss the water moccasin. The water moccasin closely misses you.
You closely miss the water moccasin. The water moccasin bites you.
You are poisoned.
The water moccasin poisons you! You block the water moccasin's attack.
You hit the water moccasin.
The water moccasin is lightly wounded.
You feel very sick. You block the water moccasin's attack.
The water moccasin bites you.
You slash the water moccasin!
The water moccasin is severely wounded.
You feel very sick. You block the water moccasin's attack.
The water moccasin bites you.
You barely miss the water moccasin.
The water moccasin is severely wounded.
You feel sick.
The water moccasin bites you but does no damage.
The water moccasin bites you!
* * * LOW HITPOINT WARNING * * *
You are lethally poisoned!
The water moccasin poisons you!
You slash the water moccasin!
You kill the water moccasin!
* * * LOW HITPOINT WARNING * * *
You feel extremely sick.
You have reached level 7!
Okay, then.
Okay, then.
* * * LOW HITPOINT WARNING * * *
You feel very sick.
* * * LOW HITPOINT WARNING * * *
You feel very sick.
There is a gate leading back out of this place here.
* * * LOW HITPOINT WARNING * * *
You feel sick.
You die...

# .###.
~~~..~######
#.~.†...#
#.~.†.@.#
#.~.#.∩.#
##~##...# #~
##### #~ #


There were no monsters in sight!

Vanquished Creatures
  Sigmund (D:2)
  A water moccasin (Sewer)
  Jessica (D:2)
  Natasha (twice) (D:3)
  A gnoll (D:2)
  2 adders (D:3)
  2 river rats (D:3)
  3 worms (D:3)
  An endoplasm (D:2)
  4 giant cockroaches
  8 hobgoblins
  6 jackals
  4 quokkas (D:1)
  5 ball pythons
  5 bats (D:1)
  A frilled lizard (D:2)
  8 goblins
  5 kobolds
  7 rats
67 creatures vanquished.

Notes
Turn   | Place    | Note
-------+----------+-------------------------------------------
     0 | D:1      | qeuew the Formicid Fighter began the quest for the Orb.
     0 | D:1      | Reached XP level 1. HP: 18/18 MP: 1/1
    78 | D:1      | Reached XP level 2. HP: 24/24 MP: 2/2
   236 | D:1      | Reached skill level 1 in Dodging
   261 | D:1      | Reached XP level 3. HP: 27/29 MP: 3/3
   594 | D:1      | Found a faded altar of an unknown god.
   602 | D:1      | Prayed at the altar of an unknown god.
   602 | D:1      | Became a worshipper of Uskayaw the Reveller
   602 | D:1      | Reached * piety under Uskayaw
   652 | D:2      | Reached ** piety under Uskayaw
   654 | D:2      | Reached *** piety under Uskayaw
   656 | D:2      | Fell from the grace of Uskayaw
  1018 | D:2      | Reached XP level 4. HP: 36/36 MP: 4/4
  1031 | D:2      | Noticed Sigmund
  1043 | D:2      | Killed Sigmund
  1044 | D:2      | Reached skill level 5 in Shields
  1044 | D:2      | Reached XP level 5. HP: 34/42 MP: 5/5
  1044 | D:2      | Reached XP level 6. HP: 38/48 MP: 6/6
  1475 | D:2      | Noticed Jessica
  1478 | D:2      | Killed Jessica
  1778 | D:3      | Noticed Natasha
  1790 | D:3      | Killed Natasha
  1815 | D:3      | Noticed Natasha
  1824 | D:3      | Killed Natasha
  1927 | D:3      | Found a glowing drain.
  1966 | Sewer    | Entered a sewer
  2050 | Sewer    | Noticed a water moccasin
  2061 | Sewer    | Killed a water moccasin
  2062 | Sewer    | Reached XP level 7. HP: 9/55 MP: 7/7
  2064 | Sewer    | HP: 2/55 [poisoned by a water moccasin]
  2065 | Sewer    | Succumbed to a water moccasin's poison

Illustrated notes

Levels and vault maps discovered:
D:1:      wander_arrival_fairy_ring, layout_basic,
          dilly_ecumenical_altar_fadedgnrine
D:2:      layout_basic, cheibrodos_gnoll_hut, uniq_jessica,
          uniq_crazy_yiuf_cottage, uniq_sigmund
D:3:      layout_basic, zin_angel, lightli_sewer_entry_pipes, uniq_natasha
Sewer:    sewer_the_moccasin

Skill      XL: |  1  2  3  4  5  6 |
---------------+-------------------+-----
Dodging        | 1 2 3 |  3.5
Fighting       | 4 |  4.4
Armour         | 4 |  4.4
Shields        | 5 |  5.5
Axes           | 3 |  3.3

Action                   |  1- 3 |  4- 6 |  7- 9 || total
-------------------------+-------+-------+-------++-------
Melee: War axe           |   101 |    91 |       ||   192
Invok: Renounce Religion |     1 |       |       ||     1
 Abil: Dig               |     1 |     2 |       ||     3
  Use: Potion            |       |     7 |       ||     7
       Scroll            |       |     4 |       ||     4
 Stab: Paralysed         |     1 |       |       ||     1
Armor: Scale mail        |    62 |    21 |       ||    83
Dodge: Dodged            |    62 |    48 |       ||   110
Block: Buckler           |    31 |    32 |       ||    63

Table legend: (Time is in decaauts)
 A = Elapsed time spent in this place.
 B = Non-inter-level travel time spent in this place.
 C = Inter-level travel time spent in this place.
 D = Time resting spent in this place.
 E = Time spent auto-exploring this place.
 F = Levels seen in this place.
 G = Mean time per level.
                   A        B        C        D        E       F      G
               +--------+--------+--------+--------+--------+-----+--------+
         Total |   2152 |   2073 |     79 |    133 |   1389 |   4 |  538.0 |
       Dungeon |   2048 |   1969 |     79 |    133 |   1319 |   3 |  682.7 |
         Sewer |    104 |    104 |      0 |      0 |     70 |   1 |  104.0 |
               +--------+--------+--------+--------+--------+-----+--------+

Top non-repeatable levels by time:
     D:2: 1096 daAuts
     D:1: 659 daAuts
     D:3: 292 daAuts
   Sewer: 104 daAuts
